 Dungeon Crawl Stone Soup version 0.28-a0-48-gfd831c5874 (webtiles) character file.

Game seed: 6329394021792725054

819 quinnr the Gusty (level 7, -4/38 HPs)
             Began as a Tengu Air Elementalist on July 30, 2021.
             Was an Initiate of Sif Muna.
             Shot with an arrow by a centaur (10 damage)
             ... on level 7 of the Dungeon.
             The game lasted 00:11:19 (6929 turns).

quinnr the Gusty (Tengu Air Elementalist)           Turns: 6929, Time: 00:11:20

Health: -4/38      AC:  2    Str: 13    XL:     7   Next: 95%
Magic:  4/14       EV: 19    Int: 17    God:    Sif Muna [......]
Gold:   251        SH:  7    Dex: 21    Spells: 7/14 levels left

rFire   . . .      SeeInvis .   u - +8 whip of the Slime-mould {vorpal, Will+ Str+5 Dex+6}
rCold   . . .      Faith    .   l - +1 buckler
rNeg    + . .      Spirit   .   a - +0 robe
rPois   .          Reflect  .   (helmet restricted)
rElec   .          Harm     .   b - scarf {+Inv}
rCorr   .          Rampage  .   (no gloves)
Will    +....                   (boots unavailable)
Stlth   +++.......              (no amulet)
HPRegen 0.12/turn               c - +4 ring of evasion
MPRegen 0.14/turn               h - ring of positive energy

@: flying quickly and evasively, quick
A: beak, talons 3, nimble flight
a: Renounce Religion, Evoke Invisibility


You were on level 7 of the Dungeon.
You worshipped Sif Muna.
Sif Muna was noncommittal.
You visited 1 branch of the dungeon, and saw 6 of its levels.
You also visited: Ossuary.

You collected 251 gold pieces.

Inventory:

Hand Weapons
 g - a +2 dagger of draining
 u - the +8 whip of the Slime-mould (weapon) {vorpal, Will+ Str+5 Dex+6}
   (You found it on level 7 of the Dungeon)

   It inflicts extra damage upon your enemies.
   Str:       It affects your strength (+5).
   Dex:       It affects your dexterity (+6).
   Will:      It increases your willpower.
Armour
 a - a +0 robe (worn)
 b - a scarf of invisibility (worn)
 l - a +1 buckler (worn)
 n - a +0 kite shield
Magical Staves
 r - a staff of cold
 y - a staff of death
Jewellery
 c - a +4 ring of evasion (left hand)
 h - a ring of positive energy (right hand)
Wands
 p - a wand of digging (2)
 A - a wand of mindburst (17)
Scrolls
 i - 2 scrolls of enchant weapon {unknown}
 k - 2 scrolls of immolation {unknown}
 s - a scroll of summoning {unknown}
 t - 2 scrolls of amnesia
 v - a scroll of vulnerability
 x - a scroll of fog
Potions
 d - 2 potions of curing
 e - a potion of cancellation {unknown}
 f - a potion of attraction {unknown}
 j - a potion of brilliance {unknown}
 m - 2 potions of haste
 o - 4 potions of might
 q - 2 potions of degeneration
 w - 3 potions of mutation
 z - a potion of flight


   Skills:
 - Level 1.0 Fighting
 + Level 2.7 Dodging
 - Level 4.0 Stealth
 + Level 3.0 Shields
 - Level 4.0 Spellcasting
 - Level 1.3 Conjurations
 * Level 7.4 Air Magic
 + Level 3.0 Evocations


You had 7 spell levels left.
You knew the following spells:

 Your Spells              Type           Power      Damage    Failure   Level
a - Shock                 Conj/Air       72%        1d7       3%          1
b - Airstrike             Air            14%        N/A       9%          4
c - Ensorcelled Hibernat  Hex/Ice        6%         N/A       26%         2

Your spell library contained the following spells:

 Spells                   Type           Power      Damage    Failure   Level
 Swiftness                Air            28%        N/A       2%          3
 Static Discharge         Conj/Air       18%        N/A       4%          2
 Pain                     Necr           12%        1d4       17%         1
 Ozocubu's Armour         Ice            3%         N/A       45%         3
 Spider Form              Tmut/Pois      1%         N/A       45%         3
 Shadow Creatures         Summ           N/A        N/A       100%        6
 Ozocubu's Refrigeration  Ice            1%         4d5       100%        7


Dungeon Overview and Level Annotations

Branches:
Dungeon (5/15)            Ossuary (visited)
 Temple: D:4-7

Altars:
Kikubaaqudgha
Okawaru
Qazlal
Sif Muna
Vehumet


Innate Abilities, Weirdness & Mutations

You have a beak for a mouth.
You have claws for feet.
Your magical nature lets you fly swiftly and evasively.


Message History

Confirm with . or Enter, or press ? or * to list all spells.
The spell is quite dangerous to cast (10% risk of failure)!
Continue anyway?
Aiming: Airstrike (quite dangerous; 10% risk of failure)
Press: ? - help, Dir - move target, f/p - centaur
Aim: a centaur, wielding a +0 shortbow and quivering arrows (heavily wounded)
The air twists around and strikes the centaur!
The centaur is almost dead.
The centaur shoots an arrow.
The arrow closely misses you.
Unknown command.
Casting: Airstrike (quite dangerous; 10% risk of failure)
Confirm with . or Enter, or press ? or * to list all spells.
The spell is quite dangerous to cast (10% risk of failure)!
Continue anyway?
Aiming: Airstrike (quite dangerous; 10% risk of failure)
Press: ? - help, Dir - move target, f/p - centaur
Aim: a centaur, wielding a +0 shortbow and quivering arrows (almost dead)
The air twists around and strikes the centaur.
You kill the centaur!
Sif Muna accepts your kill.
A centaur comes into view.
Your Shields skill increases to level 3!
Your Evocations skill increases to level 3!
Unknown command.
You are too injured to fight recklessly!
Unknown command.
The centaur wields a +0 shortbow.
The centaur shoots an arrow.
The arrow barely misses you.
You feel better.
The centaur shoots an arrow.
The arrow completely misses you.
Unknown command.
Casting: Airstrike (quite dangerous; 9% risk of failure)
Confirm with . or Enter, or press ? or * to list all spells.
The spell is quite dangerous to cast (9% risk of failure)!
Continue anyway?
Okay, then.
Unknown command.
Aiming: Mindburst
Press: ? - help, Shift-Dir - straight line, f - centaur
Aim: a centaur, wielding a +0 shortbow and quivering arrows (chance to affect: 77%)
The centaur's mind is blasted!
The centaur shoots an arrow.
The arrow hits you!
* * * LOW HITPOINT WARNING * * *
The centaur shoots an arrow.
The arrow hits you!
You die...

#.#
#.#
#.#
#.#
#.#
#.#
#.#
#.#
#@#
#.#
#.#
#.#
...#
#)#
...#
#.#
...#
#.#
...8
#c#
...#
#.#


You could see a centaur.

Vanquished Creatures
  Sigmund (D:5)
  An ogre (D:5)
  A centaur (D:7)
  An elf zombie (Ossuary)
  A bullfrog (D:7)
  2 hounds
  A centaur skeleton (D:4)
  An iguana (D:4)
  Natasha (thrice) (D:2)
  An orc wizard (D:7)
  3 mummies (Ossuary)
  4 adders
  3 adder zombies (Ossuary)
  A worm (D:2)
  3 dart slugs
  3 orcs
  4 bats
  7 endoplasms
  6 goblins
  2 hobgoblins
  7 jackals
  3 quokkas
  5 ball pythons
  2 frilled lizards
  A gnoll zombie (Ossuary)
  2 goblin zombies (Ossuary)
  2 hobgoblin zombies (Ossuary)
  8 kobolds
  5 quokka zombies (Ossuary)
  3 rats
  4 rat zombies (Ossuary)
91 creatures vanquished.

Vanquished Creatures (others)
  3 plants (D:3)
3 creatures vanquished.

Grand Total: 94 creatures vanquished

Notes
Turn   | Place    | Note
-------+----------+-------------------------------------------
     0 | D:1      | quinnr the Tengu Air Elementalist began the quest for the
                  | Orb.
     0 | D:1      | Reached XP level 1. HP: 10/10 MP: 4/4
   484 | D:1      | Reached XP level 2. HP: 12/15 MP: 1/6
   863 | D:1      | Found a faded altar of an unknown god.
  1218 | D:1      | Reached XP level 3. HP: 20/20 MP: 3/7
  2014 | D:2      | Noticed Natasha
  2031 | D:2      | Killed Natasha
  2032 | D:2      | Reached skill level 1 in Fighting
  2032 | D:2      | Reached XP level 4. HP: 7/25 MP: 3/9
  2248 | D:2      | Learned a level 4 spell: Airstrike
  2351 | D:2      | Noticed Natasha
  2368 | D:2      | Killed Natasha
  2369 | D:2      | Reached skill level 1 in Evocations
  2499 | D:2      | Noticed Natasha
  2513 | D:2      | Killed Natasha
  2514 | D:2      | Reached skill level 5 in Air Magic
  2514 | D:2      | Gained mutation: Your magical nature lets you fly swiftly
                  | and evasively. [Tengu growth]
  2514 | D:2      | Reached XP level 5. HP: 22/29 MP: 2/10
  3164 | D:3      | Reached skill level 1 in Shields
  3653 | D:4      | Found a sand-covered staircase.
  3663 | Ossuary  | Entered an ossuary
  3669 | Ossuary  | Reached XP level 6. HP: 34/34 MP: 8/12
  4362 | Ossuary  | Learned a level 2 spell: Ensorcelled Hibernation
  4828 | D:4      | Reached skill level 6 in Air Magic
  5350 | D:3      | Found a stormy altar of Qazlal.
  5442 | D:3      | Found an iron altar of Okawaru.
  5633 | D:3      | Found an ancient bone altar of Kikubaaqudgha.
  5633 | D:3      | Found a shimmering blue altar of Sif Muna.
  5635 | D:3      | Found a radiant altar of Vehumet.
  5651 | D:3      | Became a worshipper of Sif Muna the Loreminder
  5659 | D:3      | Got Kikubaaqudgha's Papyrus of Sinister Secrets
  5826 | D:5      | Entered Level 5 of the Dungeon
  6110 | D:5      | Noticed Sigmund
  6215 | D:5      | Killed Sigmund
  6216 | D:5      | Reached XP level 7. HP: 38/38 MP: 4/14
  6531 | D:5      | You are sucked into a shaft and drop 2 floors!
  6541 | D:7      | Reached skill level 7 in Air Magic
  6798 | D:7      | Identified the +8 whip of the Slime-mould {vorpal, Will+
                  | Str+5 Dex+6}
  6929 | D:7      | Shot with an arrow by a centaur

Illustrated notes

Levels and vault maps discovered:
D:1:      nicolae_arrival_somewhat_less_tricky_arrival, layout_loops_ring,
          shapermc_ecumenical_altar_rom_forum, chequers_serial_rivers_large_a
D:2:      layout_rooms, uniq_natasha
D:3:      cheibrodos_old_hovel, layout_loops_ring,
          grunt_temple_overflow_magic_moments, okawaru_metal_pillars_1_2,
          mainiacjoe_overflow_six_doors_small
D:4:      layout_basic, nicolae_ossuary_entry_ruins,
          chequers_serial_rivers_room_b
D:5:      layout_gridville, minmay_temple_entry_nine_rooms, uniq_pikel,
          uniq_sigmund
D:7:      layout_basic, chequers_hall_statues_corner_a,
          hangedman_decor_clover_reticule, uniq_harold

Skill      XL: |  1  2  3  4  5  6  7 |
---------------+----------------------+-----
Fighting       | 1 |  1.0
Evocations     | 1 2 3 |  3.0
Spellcasting   | 3 4 |  4.0
Air Magic      | 5 6 7 |  7.4
Shields        | 1 2 3 |  3.0
Stealth        | 3 4 |  4.0
Dodging        | |  2.7
Conjurations   | |  1.3

Action                   |  1- 3 |  4- 6 |  7- 9 || total
-------------------------+-------+-------+-------++-------
Melee: Unarmed           |     4 |       |       ||     4
       Kick              |     2 |     5 |       ||     7
       Dagger            |       |    15 |       ||    15
       Peck              |       |     1 |       ||     1
 Cast: Shock             |    86 |   167 |    17 ||   270
       Airstrike         |       |     4 |     5 ||     9
       Ensorcelled Hiber |       |     1 |       ||     1
Evoke: Wand              |       |       |     2 ||     2
  Use: Scroll            |       |    14 |     1 ||    15
       Potion            |       |     1 |     1 ||     2
Armor: Robe              |     3 |     3 |       ||     6
Dodge: Dodged            |    28 |    37 |     8 ||    73
Block: Buckler           |       |       |     2 ||     2

Table legend: (Time is in decaauts)
 A = Elapsed time spent in this place.
 B = Non-inter-level travel time spent in this place.
 C = Inter-level travel time spent in this place.
 D = Time resting spent in this place.
 E = Time spent auto-exploring this place.
 F = Levels seen in this place.
 G = Mean time per level.
                   A        B        C        D        E       F      G
               +--------+--------+--------+--------+--------+-----+--------+
         Total |   6716 |   6494 |    222 |    761 |   4897 |   7 |  959.4 |
       Dungeon |   5883 |   5661 |    222 |    635 |   4330 |   6 |  980.5 |
       Ossuary |    832 |    832 |      0 |    126 |    566 |   1 |  832.0 |
               +--------+--------+--------+--------+--------+-----+--------+

Top non-repeatable levels by time:
     D:1: 1683 daAuts
     D:4: 1178 daAuts
     D:2: 1120 daAuts
     D:3: 1041 daAuts
 Ossuary: 832 daAuts
     D:5: 485 daAuts
     D:7: 373 daAuts
